 Dungeon Crawl Stone Soup version 0.29.1-15-g9cfb28693d (webtiles) character file.

Game seed: 9914498125840603414

4131 Artool the Fighter (level 10, 0/74 HPs)
             Began as a Demonspawn Fighter on Apr 6, 2023.
             Was a Priest of Hepliaklqana.
             Slain by a yak (4 damage)
             ... on level 8 of the Dungeon.
             The game lasted 00:11:55 (8853 turns).

Artool the Fighter (Demonspawn Fighter)             Turns: 8853, Time: 00:11:55

Health: 0/74       AC: 11    Str: 28    XL:     10   Next: 6%
Magic:  19/19      EV:  9    Int:  8    God:    Hepliaklqana [***...]
Gold:   337        SH:  4    Dex: 12    Spells: 9/9 levels left

rFire   . . .      SeeInvis .   i - +4 mace of the Wraith {flame, Fragile rPois Str+8 Int-3}
rCold   . . .      Faith    .   c - +0 buckler
rNeg    . . .      Spirit   .   b - +0 scale mail
rPois   +          Reflect  .   (helmet restricted)
rElec   .          Harm     .   (no cloak)
rCorr   .          Rampage  .   (no gloves)
Will    .....                   (no boots)
Stlth   ..........              j - amulet of magic regeneration
HPRegen 0.22/turn               f - ring of magical power
MPRegen 0.56/turn               (no ring)

@: no status effects
A: reduced essence, antennae 2, thin metallic scales 2, demonic magic 2
a: Renounce Religion, Recall Ancestor, Ancestor Identity, Transference


You were on level 8 of the Dungeon.
You worshipped Hepliaklqana.
Hepliaklqana was most pleased with you.
You visited 2 branches of the dungeon, and saw 9 of its levels.
You also visited: Sewer.

You collected 337 gold pieces.

Inventory:

Hand Weapons
 a - a +0 flail
 i - the +4 mace of the Wraith (weapon) {flame, Fragile rPois Str+8 Int-3}
   (You found it on level 2 of the Dungeon)

   It burns those it strikes, dealing additional fire damage.
   Str:       It affects your strength (+8).
   Int:       It affects your intelligence (-3).
   rPois:     It protects you from poison.
   Fragile:   It will be destroyed if unequipped.
 x - the +7 trident "Qilysith" {vamp, Int+4}
   (You found it on level 4 of the Dungeon)

   It occasionally heals its wielder for a portion of the damage dealt when it
   wounds a living foe.
   Int:       It affects your intelligence (+4).
Missiles
 r - 25 poisoned darts (quivered)
 z - 7 boomerangs
Armour
 b - a +0 scale mail (worn)
 c - a +0 buckler (worn)
Magical Staves
 B - a staff of death
Jewellery
 f - a ring of magical power (left hand)
 j - an amulet of magic regeneration (around neck)
 L - a +6 ring of strength
Wands
 C - a wand of roots (25)
 E - a wand of charming (9)
 J - a wand of digging (8)
Scrolls
 e - 16 scrolls of identify {unknown}
 l - 2 scrolls of summoning {unknown}
 m - 2 scrolls of fear {unknown}
 p - 4 scrolls of poison {unknown}
 s - 3 scrolls of teleportation {unknown}
 t - 2 scrolls of enchant armour {unknown}
 u - a scroll of brand weapon {unknown}
 w - a scroll of amnesia {unknown}
 y - 2 scrolls of blinking {unknown}
 A - 2 scrolls of vulnerability {unknown}
 D - 2 scrolls of noise {unknown}
 G - a scroll of butterflies {unknown}
Potions
 d - 2 potions of might
 g - a potion of mutation {unknown}
 h - a potion of lignification {unknown}
 k - 3 potions of curing
 n - a potion of ambrosia {unknown}
 o - 2 potions of heal wounds {unknown}
 q - 2 potions of resistance {unknown}
 v - 3 potions of invisibility
 F - a potion of magic {unknown}
 H - a potion of brilliance {unknown}
 I - 2 potions of haste {unknown}
 K - a potion of berserk rage {unknown}
 M - a potion of attraction {unknown}
 N - a potion of cancellation {unknown}
 O - a potion of degeneration {unknown}


   Skills:
 + Level 9.0 Fighting
 + Level 7.9 Maces & Flails
 + Level 8.2 Armour
 - Level 2.6 Shields


You had 9 spell levels left.
You didn't know any spells.
Your spell library contained the following spells:

 Spells                   Type           Power      Damage    Failure   Level
 Foxfire                  Conj/Fire      0%         2x1d4     75%         1
 Slow                     Hex            0%         N/A       75%         1
 Summon Small Mammal      Summ           0%         N/A       75%         1
 Call Canine Familiar     Summ           0%         N/A       98%         3
 Confusing Touch          Hex            0%         N/A       98%         3
 Conjure Flame            Conj/Fire      0%         6-21      98%         3
 Gell's Gravitas          Tloc           0%         N/A       98%         3
 Ignite Poison            Fire/Tmut/Pois 0%         N/A       98%         3
 Inner Flame              Hex/Fire       0%         N/A       98%         3
 Mephitic Cloud           Conj/Pois/Air  0%         N/A       98%         3
 Summon Guardian Golem    Hex/Summ       0%         N/A       98%         3
 Teleport Other           Tloc           0%         N/A       98%         3
 Vampiric Draining        Necr           0%         2d6       98%         3
 Animate Dead             Necr           0%         N/A       100%        4
 Flame Wave               Conj/Fire      0%         2d4       100%        4
 Freezing Cloud           Conj/Ice/Air   0%         6-21      100%        5
 Dispersal                Tloc           0%         N/A       100%        6
 Haunt                    Necr/Summ      0%         N/A       100%        7
 Infestation              Necr           0%         N/A       100%        8


Dungeon Overview and Level Annotations

Branches:
Dungeon (8/15)             Temple (1/1) D:5           Sewer (visited)
   Lair: D:8-11

Altars:
Ashenzari
Cheibriados
Dithmenos
Fedhas
Gozag
Hepliaklqana
Kikubaaqudgha
Makhleb
Nemelex Xobeh
Okawaru
Qazlal
Ru
Sif Muna
Trog
Uskayaw
Vehumet
Wu Jian
Xom
Yredelemnul

Shops:
D:2 (


Innate Abilities, Weirdness & Mutations

Your life essence is reduced to manifest your ancestor. (-10% HP)
You have a pair of antennae on your head.
You are mostly covered in thin metallic scales. (AC +3)
Spells you cast may paralyse nearby enemies.


Message History

The basilisk gazes at you.
You are slowing down.
The water moccasin completely misses you.
The water moccasin attacks as you move away!
The water moccasin bites you. You block the water moccasin's attack.
Your limbs are stiffening.
A water moccasin comes into view.
The water moccasin bites you.
You have turned to stone.
The water moccasin completely misses you.
The water moccasin bites you. x2
The water moccasin bites you.
The water moccasin bites you but does no damage.
The water moccasin bites you but does no damage.
The water moccasin barely misses you. The water moccasin bites you.
The water moccasin bites you but does no damage.
The water moccasin bites you. The water moccasin bites you. x2
The water moccasin bites you but does no damage.
The water moccasin bites you.
You turn to flesh and can move again.
You see here a scroll labelled ETO ZASKODETOP.
You sock the water moccasin! You burn the water moccasin.
The water moccasin is heavily wounded.
The water moccasin barely misses you.
Unknown command.
You sock the water moccasin! You burn the water moccasin.
You kill the water moccasin!
The yak is no longer moving slowly.
You closely miss the yak.
The yak seems less drained.
The yak gores you! The yak attacks as you move away! The yak barely misses you.
The yak attacks as you move away! The yak gores you!
The yak attacks as you move away! The yak gores you!
* * * LOW HITPOINT WARNING * * *
The yak attacks as you move away! The yak gores you!
* * * LOW HITPOINT WARNING * * *
The yak attacks as you move away! The yak closely misses you.
The yak snorts and paws the ground.
The yak attacks as you move away! The yak gores you.
You die...

#†# #.# #.##
#.#
###..####
#.#
#.....l.#
#.#
.....##.##.#
#.# ###..
#.##.# #.#
#. #.##.#
#.# #.
#.##l#####<#
#
#l##.S.YY@.#
#.
#?##########
.###..##†#
......†..#
......#†##
?#P.. ..#
P... ....
... P.... ..
.......


You could see 2 yaks, a basilisk and a water moccasin.

Vanquished Creatures
  A yak (D:8)
  2 wyverns (D:8)
  A steam dragon (D:7)
  Menkaure (D:5)
  6 water moccasins
  An ice beast (D:6)
  2 black bears (D:5)
  A centaur (D:7)
  3 ogres
  2 kobold brigands
  2 bullfrogs
  6 scorpions
  5 wights (D:7)
  A howler monkey (D:4)
  2 jellies
  2 orc priests
  3 hounds
  6 iguanas
  5 orc wizards
  8 adders
  2 river rats (Sewer)
  A shadow imp (D:6)
  3 ufetubi
  3 worms
  8 dart slugs
  25 orcs
  13 endoplasms
  8 giant cockroaches
  8 goblins
  9 hobgoblins
  16 jackals
  14 kobolds
  2 quokkas
  12 ball pythons
  4 bats (D:6)
  8 frilled lizards
  11 rats
207 creatures vanquished.

Vanquished Creatures (collateral kills)
  A wyvern (D:8)
  A yak (D:8)
  Blork the orc (D:6)
  2 hounds
  2 jellies (Sewer)
  An orc wizard (D:6)
  An orc (D:6)
  A bat (D:6)
  2 endoplasms (Sewer)
  A ball python (Sewer)
  A frilled lizard (Sewer)
  A rat (Sewer)
15 creatures vanquished.

Vanquished Creatures (others)
  A hexer (D:8)
  3 fungi
  8 plants
  3 withered plants (D:2)
15 creatures vanquished.

Grand Total: 237 creatures vanquished

Notes
Turn   | Place    | Note
-------+----------+-------------------------------------------
     0 | D:1      | Artool the Demonspawn Fighter began the quest for the Orb.
     0 | D:1      | Reached XP level 1. HP: 18/18 MP: 1/1
    52 | D:1      | Gained mutation: Spells you cast may paralyse adjacent
                  | enemies. [demonic ancestry]
    52 | D:1      | Reached XP level 2. HP: 15/24 MP: 2/2
   777 | D:1      | Reached XP level 3. HP: 27/29 MP: 3/3
  1250 | D:2      | Found Aluer's Weapon Shoppe.
  1443 | D:2      | Identified the +4 mace of the Wraith {flame, Fragile rPois
                  | Str+8 Int-3}
  1681 | D:2      | Found a faded altar of an unknown god.
  1793 | D:2      | Gained mutation: Spells you cast may paralyse nearby
                  | enemies. [demonic ancestry]
  1793 | D:2      | Reached XP level 4. HP: 37/37 MP: 4/4
  2357 | D:3      | Reached skill level 4 in Fighting
  2749 | D:3      | Found a hazy altar of Hepliaklqana.
  2753 | D:3      | Gained mutation: You have a pair of small antennae on your
                  | head. [demonic ancestry]
  2753 | D:3      | Reached XP level 5. HP: 42/42 MP: 5/5
  2754 | D:3      | Found a sacrificial altar of Ru.
  2934 | D:4      | Noticed an ogre
  2942 | D:4      | Killed an ogre
  2952 | D:4      | Identified the +7 trident "Qilysith" {vamp, Int+4}
  3126 | D:3      | Found a radiant altar of Vehumet.
  3138 | D:3      | Became a worshipper of Hepliaklqana the Forgotten
  3163 | D:4      | Gained mutation: You are partially covered in thin metallic
                  | scales. (AC +2) [demonic ancestry]
  3163 | D:4      | Reached XP level 6. HP: 41/49 MP: 6/6
  3311 | D:4      | Reached skill level 5 in Fighting
  3742 | D:5      | Entered Level 5 of the Dungeon
  3793 | D:5      | Reached XP level 7. HP: 6/56 MP: 7/7
  4104 | D:5      | Found a staircase to the Ecumenical Temple.
  4140 | D:5      | Reached skill level 5 in Armour
  4459 | D:5      | Found a burning altar of Makhleb.
  4801 | D:5      | Reached skill level 6 in Fighting
  4801 | D:5      | Reached skill level 5 in Maces & Flails
  4826 | D:5      | Reached * piety under Hepliaklqana
  4901 | D:5      | Noticed Menkaure
  4902 | D:5      | Reached XP level 8. HP: 54/57 MP: 8/8
  4906 | D:5      | Killed Menkaure
  4974 | D:5      | Identified the +8 dagger "Impslayer" {holy, rElec Str+3
                  | Dex+5}
  5339 | Temple   | Entered the Ecumenical Temple
  5629 | D:6      | Noticed Blork the orc
  5642 | D:6      | Killed Blork the orc
  5708 | D:6      | Found a glowing drain.
  5712 | Sewer    | Entered a sewer
  6026 | Sewer    | Reached skill level 7 in Fighting
  6054 | Sewer    | Found a shimmering altar of Xom.
  6083 | Sewer    | Reached ** piety under Hepliaklqana
  6999 | D:6      | Gained mutation: You are mostly covered in thin metallic
                  | scales. (AC +3) [demonic ancestry]
  6999 | D:6      | Reached XP level 9. HP: 63/64 MP: 9/9
  7313 | D:7      | Remembered your ancestor Zulima as a hexer
  7396 | D:7      | Found an opulent altar of Gozag.
  7813 | D:7      | Reached skill level 8 in Fighting
  8302 | D:7      | Reached *** piety under Hepliaklqana
  8820 | D:8      | Reached skill level 9 in Fighting
  8820 | D:8      | Gained mutation: You have a pair of antennae on your head.
                  | [demonic ancestry]
  8820 | D:8      | Reached XP level 10. HP: 56/74 MP: 10/10
  8845 | D:8      | HP: 2/74 [yak (8)]
  8853 | D:8      | Slain by a yak

Illustrated notes

Levels and vault maps discovered:
D:1:      dpeg_arrival_simpleton_c, layout_rooms, columned_hall_lemuel,
          minmay_tetromino_s4
D:2:      layout_basic, ebering_ecumenical_altar_petrified, serial_shops,
          nicolae_shop_window_shopping
D:3:      layout_rooms, nicolae_overflow_hidden_temple, minmay_pentangle
D:4:      layout_cave_pools
D:5:      layout_cave_pods, lemuel_tele_altar, minmay_temple_entry_glass,
          hellmonk_bongcloud_opening, kennysheep_generic_room_7, uniq_menkaure
D:6:      old_forge, layout_loops_corners, gup_sewer_entry_bowl,
          kennysheep_another_room, uniq_blork_the_orc
D:7:      layout_loops_corners, lemuel_round_altar
D:8:      layout_loops_ring, minmay_lair_entry_grove, uniq_erica
Temple:   bh_familiar_temple

Skill      XL: |  1  2  3  4  5  6  7  8  9 |
---------------+----------------------------+-----
Maces & Flails | 2 3 4 5 6 7 |  7.9
Armour         | 3 4 5 6 8 |  8.2
Fighting       | 4 5 6 7 9 |  9.0
Shields        | |  2.6

Action                   |  1- 3 |  4- 6 |  7- 9 | 10-12 || total
-------------------------+-------+-------+-------+-------++-------
Melee: Flail             |   117 |       |       |       ||   117
       Mace              |    14 |   125 |   291 |     5 ||   435
Invok: Ancestor Life: He |       |       |     1 |       ||     1
  Use: Scroll            |       |       |     1 |       ||     1
 Stab: Confused          |       |       |     4 |       ||     4
       Distracted        |       |       |     1 |       ||     1
Armor: Scale mail        |    79 |    61 |   132 |     5 ||   277
Dodge: Dodged            |    65 |    64 |   120 |     6 ||   255
Block: Buckler           |    35 |    27 |    65 |     1 ||   128
